 Dungeon Crawl Stone Soup version 0.30.0-10-gfe55d96785 (webtiles) character file.

Game seed: 7409347721577549943

2 shadowrider38 the Trooper (level 1, -1/18 HPs)
             Began as a Demonspawn Cinder Acolyte on May 16, 2023.
             Was a High Priest of Ignis.
             Frozen to death by an endoplasm (5 damage)
             ... on level 1 of the Dungeon.
             The game lasted 00:00:24 (37 turns).

shadowrider38 the Trooper (Demonspawn Cinder Acolyte) Turns: 37, Time: 00:00:25

Health: -1/18      AC:  9    Str: 14    XL:     1   Next: 33%
Magic:  2/2        EV: 11    Int: 15    God:    Ignis [*****.]
Gold:   0          SH:  0    Dex:  8    Spells: 2/2 levels left

rFire   + . .        a - -1 falchion (flame)
rCold   . . .        (no shield)
rNeg    . . .        b - +0 robe
rPois   .            (no helmet)
rElec   .            (no cloak)
rCorr   .            (no gloves)
SInv    .            (no boots)
Will    .....        (no amulet)
Stlth   +            (no ring)
HPRegen 0.23/turn    (no ring)
MPRegen 0.08/turn

%: no passive effects
@: fiery-armoured
A: no striking features
a: Renounce Religion, Fiery Armour, Foxfire Swarm, Rising Flame


You were on level 1 of the Dungeon.
You worshipped Ignis.
Ignis was extremely pleased with you.
You visited 1 branch of the dungeon, and saw 1 of its levels.

Inventory:

Hand Weapons
 a - a -1 falchion of flaming (weapon)
Armour
 b - a +0 robe (worn)


   Skills:
 + Level 3.0 Fighting
 + Level 2.7 Long Blades
 + Level 1.1 Spellcasting
 + Level 2.7 Fire Magic


You had 2 spell levels left.
You didn't know any spells.
Your spell library contained the following spells:

 Spells                   Type           Power      Damage    Failure   Level
 Scorch                   Fire           18%        2d6       12%         2


Dungeon Overview and Level Annotations

Branches:
Dungeon (1/15)

Altars:


Message History

The frilled lizard bites you. The ball python misses you.
The ball python closely misses you.
Unknown command.
You hit the jackal but do no damage. The jackal bites you.
The frilled lizard bites you.
The ball python bites you but does no damage.
The ball python barely misses you. The jackal barely misses you.
The jackal barks!
You hit the jackal. You burn the jackal.
The jackal is heavily wounded.
The ball python bites you but does no damage.
The ball python closely misses you. The frilled lizard misses you.
The jackal bites you but does no damage.
The ball python closely misses you. The ball python barely misses you.
You barely miss the jackal.
The jackal is heavily wounded.
The jackal bites you but does no damage.
The frilled lizard barely misses you. The ball python bites you.
The ball python closely misses you. The jackal bites you.
The frilled lizard unfolds its giant frill.
The frilled lizard closely misses you. The ball python bites you.
The ball python grabs you. The ball python constricts you.
The ball python's grasp on you weakens, but your attempt to escape fails.
The jackal barely misses you. The ball python bites you.
* * * LOW HITPOINT WARNING * * *
The ball python constricts you. The jackal bites you.
* * * LOW HITPOINT WARNING * * *
The ball python barely misses you. The ball python constricts you.
You escape the ball python's grasp.
The jackal attacks as you move away! The jackal bites you.
* * * LOW HITPOINT WARNING * * *
An endoplasm comes into view.
The endoplasm quivers.
The endoplasm moves out of view.
You aren't carrying any potions.
Unknown command.
A protective cloak of flame settles atop you.
The jackal bites you but does no damage.
The jackal is burned by your cloak of flames.
You kill the jackal!
You aren't carrying any scrolls.
Unknown command.
You hit the ball python. You burn the ball python.
You kill the ball python!
You barely miss the frilled lizard. The frilled lizard barely misses you.
You hit the endoplasm but do no damage. The jackal misses you.
The endoplasm freezes you.
You are frozen.
You die...

#.......# .......#
#.... #......##
#.... #....... +...
##.....# #...
#......# ###..
###......# ...#
##........# ##h####
#..#..###.# #.l@J.#
......# #.####.###.#
≈≈≈≈..# #......# .#
...≈..###......# .#
........#...........
..
≈≈≈≈≈≈≈.#.########hh
.# ≈.....≈.#.# #
..<≈..≈.#.#
≈≈≈≈..≈..)#


You could see an endoplasm, a jackal and a frilled lizard.

Vanquished Creatures
  A jackal (D:1)
  A ball python (D:1)
  A frilled lizard (D:1)
3 creatures vanquished.

Notes
Turn   | Place    | Note
-------+----------+-------------------------------------------
     0 | D:1      | shadowrider38 the Demonspawn Cinder Acolyte began the quest
                  | for the Orb.
     0 | D:1      | Reached XP level 1. HP: 18/18 MP: 2/2
    37 | D:1      | Frozen to death by an endoplasm

Illustrated notes

Levels and vault maps discovered:
D:1:      ebering_hopf_link, layout_basic, minmay_worlds_worst_comb

Action                     || total
---------------------------++-------
  Melee: Falchion          ||     9
 Invoke: Fiery Armour      ||     1
 Armour: Robe              ||     6
  Dodge: Dodged            ||    17
